 Dungeon Crawl Stone Soup version 0.17.2 (webtiles) character file.

98 ololoev the Slasher (level 4, -2/35 HPs)
             Began as a Mummy Chaos Knight on June 29, 2016.
             Slain by a centaur (3 damage)
             ... on level 3 of the Dungeon.
             The game lasted 00:07:27 (2385 turns).

ololoev the Slasher (Mummy Chaos Knight)            Turns: 2385, Time: 00:07:27

Health: -2/35      AC:  7    Str: 16      XL:     4   Next: 43%
Magic:  4/4        EV: 11    Int: 10 (11) God:    Xom [......]
Gold:   91         SH:  0    Dex: 11      Spells: 0 memorised, 3 levels left

rFire  x . .     SeeInvis .     a - +2 falchion (elec)
rCold  + . .     Clarity  .     e - +2 leather armour
rNeg   + + +     SustAt   .     (no shield)
rPois  ∞         Gourm    .     j - +2 hat
rElec  .         Spirit   .     (no cloak)
rCorr  .         Warding  .     (no gloves)
rMut   .         Stasis   .     (no boots)
MR     .....                    (no amulet)
Stlth  +.........               (no ring)
                                (no ring)

@: not resistant to hostile enchantments, very unstealthy
A: no food or potions, fire vulnerability, cold resistance 1, negative energy
resistance 3, torment resistance, unbreathing
a: Renounce Religion


Innate Abilities, Weirdness & Mutations

You do not eat or drink.
Your flesh is vulnerable to fire.
You are immune to poison.
Your flesh is cold resistant.
You are immune to negative energy.
You are immune to unholy pain and torment.
You can survive without breathing.

Inventory:

Hand Weapons
 a - a +2 falchion of electrocution (weapon)
Armour
 e - a +2 leather armour (worn)
 j - a +2 hat (worn)
Rods
 b - a +1 rod of destruction (8/10)
   (Xom gifted it to you on level 1 of the Dungeon)
Scrolls
 c - a scroll of enchant weapon {unknown}
 d - a scroll of random uselessness {unknown}
 f - 2 scrolls of amnesia
 g - a scroll of enchant armour {unknown}
 h - a scroll of fog {unknown}
 i - a scroll of fear {unknown}
 k - a scroll of remove curse {unknown}


   Skills:
 - Level 3.0 Fighting
 * Level 3.5 Long Blades
 + Level 2.6 Armour
 - Level 0.7 Dodging
 * Level 1.0 Evocations


You had 3 spell levels left.
You didn't know any spells.


You were on level 3 of the Dungeon.
You worshipped Xom.
You were a very special plaything of Xom.
You were not hungry.

You visited 1 branch of the dungeon, and saw 3 of its levels.

You collected 91 gold pieces.

... . ###.#....#.# ##..
#.. #.......?#.####
##... #.........b...#.
#.....###...............
#.......................
#.......#..............#
##...#..................
.... ####.......c.......
##. #.......@....... #
###.#...(####...
#.####(†.# #.# ###.# #.#
... ..# #?..# .## .### .
.. ..

Notes
Turn   | Place    | Note
--------------------------------------------------------------
     0 | D:1      | ololoev the Mummy Chaos Knight began the quest for the Orb.
     0 | D:1      | Reached XP level 1. HP: 18/18 MP: 1/1
   200 | D:1      | XOM: harmless Pois miscast
   523 | D:1      | XOM: god gift: scroll labeled VAMABE EMAINE
   545 | D:1      | XOM: harmless Hex miscast
   548 | D:1      | Reached XP level 2. HP: 24/24 MP: 2/2
   922 | D:2      | Found an opulent altar of Gozag.
   922 | D:2      | Found a sparkling altar of Nemelex Xobeh.
  1000 | D:2      | Found a shattered altar of Ashenzari.
  1070 | D:2      | XOM is BORED!
  1070 | D:2      | XOM: mild Summ miscast
  1250 | D:2      | XOM: divination: magic mapping
  1272 | D:2      | XOM: polymorph gnoll -> rat
  1485 | D:1      | XOM: god gift: curved smoking rod {god gift}
  1487 | D:1      | Identified a +1 rod of destruction (10/10) (Xom gifted it to you on level 1 of the Dungeon)
  1633 | D:2      | Reached XP level 3. HP: 29/29 MP: 3/3
  1639 | D:2      | XOM: harmless Erth miscast
  1859 | D:2      | XOM: medium Divn miscast
  1896 | D:2      | Noticed a satyr
  1937 | D:2      | XOM: repel stairs
  1958 | D:2      | XOM: polymorph gnoll -> jelly
  1979 | D:2      | XOM: blink monster(s)
  1986 | D:2      | XOM: confusion (+ monsters)
  1987 | D:2      | XOM: medium Tloc miscast
  2035 | D:2      | Reached skill level 1 in Evocations
  2035 | D:2      | Reached XP level 4. HP: 12/35 MP: 4/4
  2375 | D:3      | Noticed a centaur
  2384 | D:3      | HP: 1/35 [centaur (8)]
  2385 | D:3      | Slain by a centaur

Dungeon Overview and Level Annotations

Branches:
Dungeon (3/15)

Altars:
Ashenzari
Gozag
Nemelex Xobeh


Message History

The goblin is moderately wounded.
The goblin barely misses you.
You barely miss the goblin.
The goblin is moderately wounded.
The goblin closely misses you.
You hit the goblin.
There is a sudden explosion of sparks!
You kill the goblin!
No target in view!
No target in view!
Unknown command.
You now have 69 gold pieces (gained 6).
You now have 78 gold pieces (gained 9).
You now have 91 gold pieces (gained 13).
A bat comes into view.
A centaur comes into view.
The centaur shouts!
The bat hits you but does no damage.
You slash the bat!
You kill the bat!
The centaur wields a shortbow.
The centaur shoots an arrow.
The arrow hits you!
Found a scroll labeled ATSUBO LYFULUM.
You see here a bat corpse.
You start resting.
The centaur shoots an arrow.
The arrow hits you.
The centaur shoots an arrow.
The arrow hits you.
You see here an arrow.
The centaur unwields an uncursed shortbow.
The centaur barely misses you.
You barely miss the centaur. The centaur hits you. The centaur misses you.
You hit the centaur.
The centaur is lightly wounded.
The centaur hits you but does no damage.
You barely miss the centaur.
The centaur is lightly wounded.
The centaur hits you! The centaur barely misses you.
You closely miss the centaur.
The centaur is lightly wounded.
The centaur hits you.
You die...
Xom snickers!

You could see a centaur and a bat.

Vanquished Creatures
  A jelly (D:2)
  An adder (D:3)
  2 worms (D:3)
  2 ball pythons (D:2)
  5 bats
  2 giant cockroaches
  9 goblins
  6 hobgoblins
  2 quokkas
  2 giant geckos (D:1)
  7 kobolds
  5 rats
44 creatures vanquished.

Action                   |  1- 3 |  4- 6 || total
-------------------------+-------+-------++-------
Melee: Falchion          |    60 |    34 ||    94
       Dagger            |    52 |       ||    52
Evoke: Rod               |     3 |     3 ||     6
  Use: Scroll            |     1 |       ||     1

Vault maps used:
D:1:      minmay_arrival_doors, serial_forest, infiniplex_forest_end_2,
          infiniplex_forest_clump_double, infiniplex_forest_clump_medium,
          infiniplex_forest_clump_long, infiniplex_forest_straight_2
D:2:      grunt_temple_overflow_opulence, nicolae_overflow_hidden_temple,
          serial_forest, infiniplex_forest_lined_room_2,
          infiniplex_forest_side_room, infiniplex_forest_straight_5,
          infiniplex_forest_clump_diagonal, infiniplex_forest_clump_medium,
          infiniplex_forest_straight_1, infiniplex_forest_clump_medium,
          first_bread, st_stairs_14
D:3:      nicolae_overflow_crystal_walls
